 Dungeon Crawl Stone Soup version 0.21-a0-404-g291f19a (webtiles) character file.

3912 karf the Blocker (level 10, -8/82 HPs)
             Began as a Formicid Fighter on Oct 31, 2017.
             Was an Initiate of Ru.
             Mangled by a two-headed ogre
             ... wielding a +0 giant club
              (13 damage)
             ... on level 8 of the Dungeon.
             The game lasted 00:24:40 (7909 turns).

karf the Blocker (Formicid Fighter)                 Turns: 7909, Time: 00:24:40

Health: -8/82      AC: 17    Str: 21    XL:     10   Next: 43%
Magic:  19/19      EV:  6    Int:  9    God:    Ru [......]
Gold:   445        SH: 11    Dex: 12    Spells: 9/9 levels left

rFire    + . .     SeeInvis +   a - +0 quarterstaff
rCold    + . .     Gourm    .   c - +0 shield
rNeg     . . .     Faith    .   q - +0 plate armour
rPois    .         Spirit   .   (helmet unavailable)
rElec    .         Reflect  .   m - scarf {rC+ rF+}
rCorr    .         Harm     .   (no gloves)
MR       +....                  D - +2 pair of boots
Stlth    ..........             b - amulet of regeneration
HPRegen  0.63/turn              B - ring of magical power
MPRegen  0.16/turn              (no ring)

@: drained
A: permanent stasis, dig shafts and tunnels, four strong arms, antennae 3, no
stealth
a: Dig, Shaft Self, Renounce Religion


You were on level 8 of the Dungeon.
You worshipped Ru.
Ru was noncommittal.
You were not hungry.

You visited 2 branches of the dungeon, and saw 9 of its levels.

You collected 445 gold pieces.

Inventory:

Hand Weapons
 a - a +0 quarterstaff (weapon)
Armour
 c - a +0 shield (worn)
 m - a scarf of resistance (worn)
 q - a +0 plate armour (worn)
 D - a +2 pair of boots (worn)
Jewellery
 b - an amulet of regeneration (around neck)
 B - a ring of magical power (left hand)
Wands
 r - a wand of digging (8/24)
 A - a wand of polymorph (9/24)
Scrolls
 d - a scroll of identify
 e - 3 scrolls of remove curse
 l - a scroll of magic mapping
 s - a scroll of immolation {unknown}
 v - a scroll of random uselessness {unknown}
 y - 2 scrolls of enchant weapon {unknown}
 z - 2 scrolls of enchant armour {unknown}
Potions
 g - 2 potions of agility {unknown}
 h - 2 potions of brilliance
 j - a potion of invisibility
 k - 2 potions of mutation {unknown}
 n - a potion of berserk rage {unknown}
 p - 6 potions of curing
 u - a potion of magic
 w - a potion of might
 x - a potion of cancellation
Comestibles
 f - 6 bread rations
 i - 8 meat rations
 o - 2 royal jellies
 t - 2 fruits


   Skills:
 + Level 8.6(8.2) Fighting
 + Level 7.5(7.1) Staves
 + Level 8.6(8.2) Armour
 + Level 9.4(9.0) Shields


You had 9 spell levels left.
You didn't know any spells.

Dungeon Overview and Level Annotations

Branches:
Dungeon (8/15)             Temple (1/1) D:6
   Lair: D:8-11

Altars:
Ashenzari
Cheibriados
Dithmenos
Elyvilon
Fedhas
Gozag
Hepliaklqana
Kikubaaqudgha
Makhleb
Nemelex Xobeh
Okawaru
Qazlal
Ru
Sif Muna
Trog
Uskayaw
Vehumet
Xom
Yredelemnul
Zin
The Shining One

Shops:
D:7 (


Innate Abilities, Weirdness & Mutations

You cannot be hasted, slowed, berserked, paralysed or teleported.
You can dig through walls and to a lower floor.
Your four strong arms can wield two-handed weapons with a shield.
You have a pair of large antennae on your head. (SInv)
You cannot be stealthy.


Message History

You block the two-headed ogre's attack.
The two-headed ogre hits you with a giant club!
You hit the two-headed ogre but do no damage.
The two-headed ogre is lightly wounded.
You sock the two-headed ogre!
The two-headed ogre is moderately wounded.
The two-headed ogre hits you with a giant club! x2
You thump the two-headed ogre!
The two-headed ogre is heavily wounded.
The two-headed ogre hits you with a giant club! x2
* * * LOW HITPOINT WARNING * * *
You see here a scorpion corpse.
A two-headed ogre comes into view.
It is wielding a giant club and a giant spiked club.
An ogre comes into view. It is wielding a giant spiked club.
The ogre shouts!
Found a leather armour.
The two-headed ogre hits you with a giant club!
* * * LOW HITPOINT WARNING * * *
The two-headed ogre hits you with a giant club!
You die...

######.#######.# #....#
.. ... #....# ##O#
###>.. #....####..#
....#. #...<...#O#
.......
#....#....###....##
##....#.....##.....#
#O..O..O.##†........
#....#@###........####
.....(..# #######..###..
...#..... ..............
.....#.#[.....###..####.
....... #####.........##
.####.. ####..#..... #.#
#.#..#... #. ##.#.####.
#....#


You could see 2 two-headed ogres and an ogre.

Vanquished Creatures
  Pikel (D:7)
  2 water moccasins
  4 orc warriors
  A phantom (D:6)
  4 ogres
  4 centaurs
  Blork the orc (D:5)
  A gnoll sergeant (D:5)
  5 bullfrogs
  3 scorpions
  A water moccasin skeleton (D:6)
  3 wights (D:8)
  3 crimson imps
  A hound (D:5)
  A jelly (D:5)
  4 orc priests
  5 orc wizards
  A bullfrog skeleton (D:6)
  2 iguanas
  Natasha (thrice) (D:2)
  2 worker ants
  A killer bee zombie (D:7)
  A worker ant zombie (D:6)
  48 gnolls
  8 adders
  A howler monkey skeleton (D:5)
  A shadow imp (D:5)
  A white imp (D:8)
  5 oozes
  An adder zombie (D:6)
  A worm (D:2)
  4 dart slugs
  7 leopard geckos
  15 orcs
  9 bats
  6 giant cockroaches
  13 goblins
  6 hobgoblins
  20 jackals
  7 kobolds
  3 quokkas
  2 ball pythons
  4 frilled lizards
  A quokka zombie (D:5)
  7 rats
224 creatures vanquished.

Vanquished Creatures (others)
  An orc (D:6)
1 creature vanquished.

Grand Total: 225 creatures vanquished

Notes
Turn   | Place    | Note
-------+----------+-------------------------------------------
     0 | D:1      | karf the Formicid Fighter began the quest for the Orb.
     0 | D:1      | Reached XP level 1. HP: 18/18 MP: 1/1
    81 | D:1      | Reached XP level 2. HP: 24/24 MP: 2/2
   392 | D:1      | Reached XP level 3. HP: 28/29 MP: 3/3
   430 | D:1      | Reached skill level 4 in Shields
   915 | D:1      | Reached XP level 4. HP: 37/37 MP: 4/4
  1152 | D:2      | Noticed Natasha
  1165 | D:2      | Killed Natasha
  1165 | D:2      | Reached XP level 5. HP: 5/42 MP: 5/5
  1165 | D:2      | HP: 2/42 [goblin/dagger (3)]
  1211 | D:2      | HP: 2/42 [worm (7)]
  1544 | D:2      | Found a burning altar of Makhleb.
  1569 | D:2      | Noticed Natasha
  1578 | D:2      | Killed Natasha
  1582 | D:2      | Noticed Natasha
  1587 | D:2      | Killed Natasha
  1754 | D:2      | Reached XP level 6. HP: 42/49 MP: 6/6
  2024 | D:3      | Found an opulent altar of Gozag.
  2073 | D:3      | Found an iron altar of Okawaru.
  2081 | D:3      | You fall through a shaft!
  2150 | D:4      | Reached skill level 5 in Shields
  2945 | D:4      | Found a snail-covered altar of Cheibriados.
  3102 | D:4      | Found a sparkling altar of Nemelex Xobeh.
  3353 | D:4      | Found a glowing golden altar of the Shining One.
  3476 | D:5      | Entered Level 5 of the Dungeon
  3537 | D:5      | Reached XP level 7. HP: 53/55 MP: 7/7
  3625 | D:5      | Reached skill level 5 in Armour
  3647 | D:5      | Reached skill level 5 in Fighting
  3870 | D:5      | HP: 2/56 [ogre/giant spiked club (12)]
  3909 | D:5      | Reached skill level 6 in Shields
  4072 | D:5      | Reached XP level 8. HP: 61/63 MP: 8/8
  4322 | D:5      | Reached skill level 5 in Staves
  4947 | D:5      | Reached skill level 7 in Shields
  5234 | D:5      | Noticed Blork the orc
  5247 | D:5      | Killed Blork the orc
  5247 | D:5      | Reached XP level 9. HP: 63/71 MP: 9/9
  5372 | D:6      | Got a slimy spear
  5373 | D:6      | Identified the cursed +0 spear of Gehenna {protect, rC- Int+7 Dex-5 SInv} (You found it on level 6 of the Dungeon)
  5385 | D:6      | Found a staircase to the Ecumenical Temple.
  5398 | Temple   | Entered the Ecumenical Temple
  5487 | D:6      | Found a sacrificial altar of Ru.
  5503 | D:6      | Became a worshipper of Ru the Awakened
  5739 | D:6      | Reached skill level 8 in Shields
  6451 | D:6      | Found a hazy altar of Hepliaklqana.
  6457 | D:6      | Found a white marble altar of Elyvilon.
  6483 | D:6      | Found a shimmering altar of Xom.
  6520 | D:6      | Found an ancient bone altar of Kikubaaqudgha.
  6617 | D:7      | Found Emizik's Weapon Shoppe.
  6680 | D:7      | Reached XP level 10. HP: 32/80 MP: 10/10
  7063 | D:7      | Gained mutation: You cannot be stealthy. [Ru sacrifice]
  7294 | D:7      | Noticed Pikel
  7301 | D:7      | Killed Pikel
  7301 | D:7      | Reached skill level 9 in Shields
  7771 | D:8      | Noticed a two-headed ogre
  7903 | D:8      | Noticed a two-headed ogre
  7909 | D:8      | Mangled by a two-headed ogre

Vault maps used:
D:1:      dpeg_arrival_subterranean_lakeside_camping, kennysheep_minor_cross,
          minmay_misc_feat_ornament, minmay_misc_feat_columns
D:2:      bloody_makhleb, uniq_natasha
D:3:      old_standard_altar, grunt_gozag_statues
D:4:      kennysheep_mini_moat, overflow_temple_1_default, first_bread,
          tso_altar
D:5:      lemuel_castle_with_subvaults, uniq_blork_the_orc
D:6:      nicolae_ru_path_of_blood, nicolae_overflow_crystal_walls,
          minmay_overflow_temple_star_quad, temple_statues
D:7:      serial_shops, shop, uniq_pikel
D:8:      david_nohive_1, minmay_fire_ice_demons
Temple:   nicolae_temple_x_marks_the_god

Skill      XL: |  1  2  3  4  5  6  7  8  9 10 |
---------------+-------------------------------+-----
Shields        | 4 5 6 7 8 9 |  9.4
Armour         | 4 5 6 7 8 |  8.6
Fighting       | 4 5 6 7 8 |  8.6
Staves         | 3 4 5 6 7 |  7.5

Action                   |  1- 3 |  4- 6 |  7- 9 | 10-12 || total
-------------------------+-------+-------+-------+-------++-------
Melee: Quarterstaff      |    66 |   236 |   624 |   132 ||  1058
Invok: Sacrifice Stealth |       |       |       |     1 ||     1
  Use: Scroll            |       |       |    12 |       ||    12
       Potion            |       |       |     2 |       ||     2
  Eat: Chunk             |       |     8 |    12 |     4 ||    24
Armor: Scale mail        |    27 |    62 |       |       ||    89
       Plate armour      |       |    44 |   304 |    38 ||   386
Dodge: Dodged            |    26 |    59 |   134 |    21 ||   240
Block: Shield            |    22 |   126 |   376 |    72 ||   596

Table legend:
 A = Spawn XP
 B = Non-spawn XP
 C = Spawn XP percentage of total XP
 D = Spawn monster count
 E = Non-spawn monster count
 F = Spawn count percentage of total count
 G = Total turns spent on level
                    A         B        C        D         E        F      G
               +---------+---------+-------+---------+---------+-------+---------
         Total |       0 |    5589 |   0.0 |       0 |     224 |   0.0 |  7909
               +---------+---------+-------+---------+---------+-------+---------
           D:1 |       0 |      70 |   0.0 |       0 |      26 |   0.0 |  1241
           D:2 |       0 |     216 |   0.0 |       0 |      34 |   0.0 |   745
           D:3 |       0 |      27 |   0.0 |       0 |       8 |   0.0 |   519
           D:4 |       0 |     149 |   0.0 |       0 |      20 |   0.0 |   971
           D:5 |       0 |    1678 |   0.0 |       0 |      83 |   0.0 |  1912
           D:6 |       0 |    1711 |   0.0 |       0 |      30 |   0.0 |  1331
           D:7 |       0 |    1242 |   0.0 |       0 |      15 |   0.0 |   899
           D:8 |       0 |     496 |   0.0 |       0 |       8 |   0.0 |   237
               +---------+---------+-------+---------+---------+-------+---------
